 Dungeon Crawl Stone Soup version 0.15.2 (webtiles) character file.

655 DrPain the Cutter (level 7, 0/33 HPs)
             Began as a Spriggan Assassin on Oct 28, 2014.
             Was a Believer of Okawaru.
             Slain by an ogre
             ... wielding a +0 giant club
              (10 damage)
             ... on Level 4 of the Dungeon.
             The game lasted 00:10:04 (4093 turns).

DrPain the Cutter (Spriggan Assassin)               Turns: 4093, Time: 00:10:04

HP   0/33        AC  3     Str  8      XL: 7   Next: 29%
MP  14/14        EV 16     Int 12      God: Okawaru [**....]
Gold 133         SH  7     Dex 19      Spells:  0 memorised,  6 levels left

rFire  . . .     SeeInvis +     w - +2 dagger
rCold  . . .     Clarity  .     c - +0 robe
rNeg   . . .     rCorr    .     l - +0 buckler
rPois  .         rRot     .     (helmet restricted)
rElec  .         Spirit   .     d - +0 cloak
SustAb .         Warding  .     (gloves unavailable)
rMut   .         Stasis   .     (boots unavailable)
Gourm  .                        (no amulet)
MR     +....                    (no ring)
                                (no ring)

@: very quick, somewhat resistant to hostile enchantments, stealthy
A: unfitting armour, see invisible, herbivore 3, speed 3, slow metabolism 2
a: Heroism, Renounce Religion


You were on level 4 of the Dungeon.
You worshipped Okawaru.
Okawaru was pleased with you.
You were full.

You visited 1 branch of the dungeon, and saw 4 of its levels.

You collected 133 gold pieces.

Inventory:

Hand weapons
 f - a +0 blowgun
 w - a +2 dagger (weapon)
Missiles
 a - 146 stones (quivered)
 e - 24 poisoned needles
 n - a curare-tipped needle
Armour
 c - a +0 robe (worn)
 d - a +0 cloak (worn)
 l - a +0 buckler (worn)
Magical devices
 b - a wand of paralysis (0)
 j - a wand of confusion (11)
Comestibles
 k - a slice of pizza
 m - 3 bread rations
 q - a royal jelly
Scrolls
 g - a scroll of recharging {unknown}
 i - 4 scrolls of teleportation
 o - 2 scrolls of magic mapping {unknown}
 p - a scroll of fear {unknown}
 r - a scroll of immolation {unknown}
 s - a scroll of amnesia
 t - a scroll of blinking {unknown}
Potions
 h - 2 potions of haste


   Skills:
 - Level 1.5 Fighting
 - Level 6.0 Short Blades
 - Level 2.1 Throwing
 - Level 1.5 Dodging
 - Level 5.8 Stealth
 + Level 4.4 Shields
 - Level 0.8 Evocations


You had 6 spell levels left.
You didn't know any spells.

Dungeon Overview and Level Annotations

Branches:
Dungeon (4/15)
 Temple: D:4-7

Altars:
Nemelex Xobeh
Okawaru


Innate Abilities, Weirdness & Mutations

You are tiny and cannot use many weapons and most armour.
You have supernaturally acute eyesight.
You are a herbivore.
You cover ground extremely quickly.
You need consume almost no food.


Message History

You block the rat's attack.
You hit the rat.
You kill the rat!
Okawaru accepts your kill.
You swap places.
You hit the ogre but do no damage. You block the ogre's attack.
You barely miss the ogre. You barely miss the ogre.
The ogre closely misses you.
You hit the ogre.
The ogre is lightly wounded.
You hit the ogre.
The ogre is lightly wounded.
The ogre hits you with a giant club!!
Ouch! That really hurt!
You barely miss the ogre.
The ogre is lightly wounded.
You hit the ogre.
The ogre is heavily wounded.
The ogre hits you with a giant club!
You die...

. ... ....#
####+#....+ .
#.p.......# .<.
+.........#
#.....#+#<.@O.#
...........#+##
...........+
.........?#
.........##
.........#
...#+##+# ..


You could see an ogre and a neutral freed slave (wandering).

Vanquished Creatures
  Pikel (D:3)
  2 slaves (D:3)
  Sigmund (D:2)
  4 adders
  2 worms (D:2)
  2 giant geckos
  An ooze (D:2)
  2 orcs (D:3)
  3 giant cockroaches
  15 goblins
  9 hobgoblins
  2 quokkas
  2 ball pythons (D:3)
  5 bats
  A giant newt (D:2)
  12 jackals
  4 kobolds
  A kobold skeleton (D:3)
  7 rats
76 creatures vanquished.

Notes
Turn   | Place    | Note
--------------------------------------------------------------
     0 | D:1      | DrPain, the Spriggan Assassin, began the quest for the Orb.
     0 | D:1      | Reached XP level 1. HP: 10/10 MP: 2/2
   181 | D:1      | Reached XP level 2. HP: 12/14 MP: 4/4
   842 | D:2      | Reached XP level 3. HP: 9/18 MP: 6/6
  1304 | D:2      | Noticed Sigmund
  1336 | D:2      | Killed Sigmund
  1336 | D:2      | Reached skill level 5 in Short Blades
  1336 | D:2      | Reached XP level 4. HP: 4/22 MP: 8/8
  1368 | D:2      | Found a sparkling altar of Nemelex Xobeh.
  1981 | D:2      | Reached XP level 5. HP: 18/25 MP: 10/10
  2639 | D:3      | Found an iron altar of Okawaru.
  2715 | D:3      | Became a worshipper of Warmaster Okawaru
  2856 | D:3      | Reached skill level 6 in Short Blades
  3321 | D:3      | Reached skill level 1 in Shields
  3489 | D:4      | Noticed Pikel
  3489 | D:4      | Noticed a slave
  3489 | D:4      | Noticed a slave
  3489 | D:4      | Noticed a slave
  3489 | D:4      | Noticed an ogre
  3490 | D:4      | Noticed a slave
  3597 | D:3      | Killed a slave
  3665 | D:3      | Killed a slave
  3999 | D:3      | Paralysed by Pikel for 2 turns
  4020 | D:3      | Killed Pikel
  4020 | D:3      | Acquired Okawaru's first power
  4020 | D:3      | Reached XP level 6. HP: 28/30 MP: 12/12
  4020 | D:3      | Reached XP level 7. HP: 30/33 MP: 14/14
  4093 | D:4      | Slain by an ogre

Action                   |  1- 3 |  4- 6 |  7- 9 || total
-------------------------+-------+-------+-------++-------
Melee: Dagger            |    64 |   140 |     9 ||   213
 Fire: Blowgun           |     3 |    33 |       ||    36
Evoke: Wand              |     1 |       |       ||     1
  Use: Scroll            |     5 |       |       ||     5
       Potion            |     3 |     3 |       ||     6
 Stab: Sleeping          |     6 |     7 |       ||    13
       Distracted        |     1 |     2 |       ||     3
